 Dungeon Crawl Stone Soup version 0.25.0-15-gac7dcb8919 (webtiles) character file.

Game seed: 11112890919412711603

112 Esekla the Covered (level 4, -3/25 HPs)
             Began as a Deep Elf Wanderer on June 29, 2020.
             Slain by a gnoll
             ... wielding a +0 spear
              (7 damage)
             ... on level 3 of the Dungeon.
             The game lasted 00:21:03 (3416 turns).

Esekla the Covered (Deep Elf Wanderer)              Turns: 3416, Time: 00:21:04

Health: -3/25      AC:  8    Str:  8    XL:     4   Next: 63%
Magic:  5/8        EV: 12    Int: 18    God:
Gold:   77         SH:  0    Dex: 15    Spells: 2/6 levels left

rFire    . . .     SeeInvis .   e - +2 dagger (elec)
rCold    . . .     Gourm    .   (no shield)
rNeg     . . .     Faith    .   m - +0 leather armour
rPois    .         Spirit   .   (no helmet)
rElec    .         Reflect  .   (no cloak)
rCorr    .         Harm     .   (no gloves)
MR       .....                  (no boots)
Stlth    +.........             (no amulet)
HPRegen  0.08/turn              (no ring)
MPRegen  0.11/turn              (no ring)

@: icy armour
A: no striking features
a: no special abilities


You were on level 3 of the Dungeon.
You were not hungry.

You visited 1 branch of the dungeon, and saw 3 of its levels.

You collected 77 gold pieces.

Inventory:

Hand Weapons
 e - a +2 dagger of electrocution (weapon)
 p - a +3 dagger of protection
 q - a +0 long sword
Missiles
 k - 16 poisoned darts (quivered)
 n - 5 javelins
Armour
 m - a +0 leather armour (worn)
Scrolls
 a - a scroll of enchant armour {unknown}
 c - 2 scrolls of enchant weapon {unknown}
 d - a scroll of magic mapping {unknown}
 g - a scroll of teleportation {unknown}
 h - 2 scrolls of remove curse {unknown}
 i - 3 scrolls of amnesia {unknown}
 l - 3 scrolls of blinking {unknown}
 o - a scroll of identify {unknown}
Potions
 b - a potion of flight {unknown}
 j - 2 potions of degeneration {unknown}
Comestibles
 f - 7 rations


   Skills:
 - Level 1.0 Fighting
 * Level 2.3 Short Blades
   Level 1.1 Bows
 - Level 1.0 Throwing
 + Level 3.0 Armour
 * Level 1.7 Dodging
 * Level 1.8 Spellcasting
 * Level 1.4 Conjurations
 * Level 0.4 Charms
 * Level 2.3 Ice Magic
 * Level 0.9 Air Magic
   Level 1.1 Evocations


You had 2 spell levels left.
You knew the following spells:

 Your Spells              Type           Power        Failure   Level  Hunger
a - Ozocubu's Armour      Chrm/Ice       #.......     41%         3    ###....
e - Shock                 Conj/Air       #...         16%         1    #......

Your spell library contained the following spells:

 Spells                   Type           Power        Failure   Level  Hunger
 Freeze                   Ice            ##..         10%         1    #......
 Mephitic Cloud           Conj/Pois/Air  #.......     50%         3    ###....


Dungeon Overview and Level Annotations

Branches:
Dungeon (3/15)

Altars:
Cheibriados
Kikubaaqudgha
Ru
The Shining One


Message History

There is an entrance to a sewer on this level.
Hurry and find it before the portal rusts away!
A hobgoblin and 3 gnolls come into view.
The hobgoblin shouts!
The gnoll shouts!
The gnoll barely misses you. The gnoll closely misses you.
The gnoll shouts!
Found 19 arrows.
Found two stone staircases leading down.
You hear the slow rusting of a distant drain.
Okay, then.
The gnoll closely misses you.
Casting: Shock (safe; 16% risk of failure)
Confirm with . or Enter, or press ? or * to list all spells.
The spell is extremely dangerous to cast (41% risk of failure)!
Continue anyway?
A film of ice covers your body! The gnoll misses you.
You hit the gnoll but do no damage. The gnoll hits you with a +0 spear.
* * * LOW HITPOINT WARNING * * *
You hit the gnoll.
The gnoll is lightly wounded.
The gnoll hits you with a +0 spear!
You die...

### #.# #@#
#g# #g# #.#
#g# #g#
##.######
##...#...##
#.....g...#


You could see 3 gnolls and a hobgoblin.

Vanquished Creatures
  A howler monkey (D:2)
  Jessica (D:2)
  An adder (D:2)
  An ooze (D:2)
  A dart slug (D:1)
  3 orcs (D:3)
  4 bats
  3 giant cockroaches
  A goblin (D:3)
  5 hobgoblins
  A frilled lizard (D:1)
  5 kobolds
  4 rats
31 creatures vanquished.

Notes
Turn   | Place    | Note
-------+----------+-------------------------------------------
     0 | D:1      | Esekla the Deep Elf Wanderer began the quest for the Orb.
     0 | D:1      | Esekla set off with the following items: a +0 dagger, a +2
                  | scale mail, a ration; and the following spells available to
                  | memorise: Freeze, Shock, Ozocubu's Armour, Mephitic Cloud
     0 | D:1      | Reached XP level 1. HP: 12/12 MP: 5/5
   278 | D:1      | Learned a level 1 spell: Shock
   302 | D:1      | Reached skill level 1 in Dodging
   606 | D:1      | Reached XP level 2. HP: 13/16 MP: 6/6
  1898 | D:2      | Found a snail-covered altar of Cheibriados.
  2079 | D:2      | Noticed a howler monkey
  2097 | D:2      | Reached skill level 1 in Short Blades
  2114 | D:2      | Killed a howler monkey
  2114 | D:2      | Reached skill level 1 in Conjurations
  2114 | D:2      | Reached XP level 3. HP: 2/20 MP: 7/7
  2635 | D:1      | Learned a level 3 spell: Ozocubu's Armour
  2799 | D:2      | Noticed Jessica
  2803 | D:2      | Killed Jessica
  2803 | D:2      | Reached XP level 4. HP: 25/25 MP: 8/8
  2892 | D:2      | Found a sacrificial altar of Ru.
  2892 | D:2      | Found a glowing golden altar of the Shining One.
  2893 | D:2      | Found an ancient bone altar of Kikubaaqudgha.
  2992 | D:2      | Reached skill level 3 in Armour
  3416 | D:3      | Slain by a gnoll

Illustrated notes

Levels and vault maps discovered:
D:1:      dpeg_arrival_rhombi, layout_loops_corners
D:2:      layout_basic, lemuel_crystal_altar,
          chequers_temple_overflow_statue_of_worship, minitemple, first_ration,
          uniq_natasha, uniq_jessica
D:3:      layout_rooms, gup_sewer_entry_bubbles,
          chequers_ecumenical_altar_island, solitary_fountain, uniq_ijyb

Skill      XL: |  1  2  3  4 |
---------------+-------------+-----
Dodging        | 1 |  1.7
Short Blades   | 1 2 |  2.3
Conjurations   | 1 |  1.4
Armour         | 3 |  3.0
Fighting       | |  1.0
Bows           | |  1.1
Throwing       | |  1.0
Spellcasting   | |  1.8
Charms         | |  0.4
Ice Magic      | |  2.3
Air Magic      | |  0.9
Evocations     | |  1.1

Action                   |  1- 3 |  4- 6 || total
-------------------------+-------+-------++-------
Melee: Dagger            |    69 |    15 ||    84
       Short sword       |    63 |       ||    63
Throw: Dart              |       |     7 ||     7
 Cast: Shock             |     3 |     3 ||     6
       Ozocubu's Armour  |       |     3 ||     3
  Eat: Ration            |     1 |       ||     1
       Chunk             |     1 |     4 ||     5
Armor: Scale mail        |    77 |       ||    77
       Leather armour    |     1 |     6 ||     7
Dodge: Dodged            |    48 |    15 ||    63
